 Dungeon Sprint DCSS version 0.29-a0-321-gf1c400731a (webtiles) character file.

Game seed: 2848914579536917509

32489 mhtbhm the Bludgeoner (level 13, -8/156 HPs)
             Began as a Troll Berserker on Apr 3, 2022.
             Was the Champion of Trog.
             Killed from afar by a naga mage (12 damage)
             ... with a bolt of poison
             ... in the Dungeon (Sprint IX: "|||||||||||||||||||||||||||||").
             The game lasted 00:10:10 (3489 turns).

mhtbhm the Bludgeoner (Troll Berserker)             Turns: 3489, Time: 00:10:10

Health: -8/156     AC: 12    Str: 33    XL:     13   Next: 31%
Magic:  12/12      EV: 13    Int:  3    God:    Trog [******]
Gold:   1491       SH:  0    Dex:  9    Spells: 12/12 levels left

rFire   . . .      SeeInvis .   a - +6 giant club (vorpal)
rCold   . . .      Faith    .   (shield currently unavailable)
rNeg    . . .      Spirit   .   b - +0 acid dragon scales
rPois   .          Reflect  .   (helmet restricted)
rElec   .          Harm     .   p - +1 cloak
rCorr   +          Rampage  .   (gloves unavailable)
Will    .....      NoTele   +   (boots unavailable)
Stlth   ++........              (no amulet)
HPRegen 1.16/turn               k - +2 ring of evasion
MPRegen 0.13/turn               l - +3 ring of strength

@: lethally poisoned (-8 -> -60), on berserk cooldown, slowed, constricted, very
slow
A: large, unfitting armour, claws 3, regeneration 1, shaggy fur 1, tough skin 1,
screaming 1, weak 1
a: Renounce Religion, Berserk, Trog's Hand, Brothers in Arms


You were in the Dungeon.
You worshipped Trog.
Trog was exalted by your worship.
You visited 1 branch You collected 1914 gold pieces.
You spent 423 gold pieces at shops.

Inventory:

Hand Weapons
 a - a +6 vorpal giant club (weapon)
 m - a +6 vorpal giant spiked club
 o - a +4 vorpal great mace
 y - the +3 giant spiked club of Execution {flame, rF+++ rCorr}
   (Trog gifted it to you in the Dungeon)

   It burns those it strikes, dealing additional fire damage.
   rF:        It renders you almost immune to fire.
   rCorr:     It protects you from acid and corrosion.
Missiles
 h - 3 poisoned darts
 i - a throwing net
 z - 2 large rocks (quivered)
Armour
 b - +0 acid dragon scales (worn)
 p - a +1 cloak (worn)
Jewellery
 k - a +2 ring of evasion (left claw)
 l - a +3 ring of strength (right claw)
 q - a ring of see invisible
 v - a ring of fire
 w - a ring of protection from cold
Scrolls
 j - 3 scrolls of fear
 n - 5 scrolls of identify
 r - a scroll of summoning
 s - 7 scrolls of enchant armour
 t - a scroll of magic mapping
 u - a scroll of immolation
Potions
 c - a potion of curing
 d - 5 potions of heal wounds
 e - 3 potions of haste
 f - 4 potions of magic
 g - 2 potions of berserk rage
 x - 2 potions of might


   Skills:
 + Level 17.1 Fighting
 + Level 19.7 Maces & Flails
 + Level 2.4 Throwing
 + Level 6.9 Armour
 + Level 15.4 Dodging
 + Level 3.4 Stealth
 + Level 4.8 Evocations


You had 12 spell levels left.
You didn't know any spells.
Your spell library was empty.

Dungeon Overview and Level Annotations

Branches:
Dungeon (1/1)

Altars:
Cheibriados
Dithmenos
Elyvilon
Fedhas
Gozag
Hepliaklqana
Kikubaaqudgha
Makhleb
Nemelex Xobeh
Okawaru
Qazlal
Ru
Sif Muna
Trog
Uskayaw
Vehumet
Wu Jian
Xom
Yredelemnul
Zin
The Shining One
Beogh
Jiyva
Lugonu

Shops:
D ?*[:


Innate Abilities, Weirdness & Mutations

You are too large for most types of armour.
You have claws for hands.
Your natural rate of healing is unusually fast.
You are covered in fur. (AC +1)
You have tough skin. (AC +1)
You occasionally shout uncontrollably at your foes.
You are weak. (Str -2)


Message History

The naga mage misses you. x2
You bludgeon the naga mage!!
You kill the naga mage!
Trog accepts your kill. Trog grants you a weapon!
Something appears at your feet!
You see here a +2 vorpal quarterstaff.
Trog appreciates your killing of a magic user.
You feel very sick. The naga mage closely misses you.
Unknown command.
You are no longer berserk.
You are exhausted.
You feel as though you will be slow longer.
You feel very sick. The naga mage barely misses you. The naga mage grabs you.
The naga mage constricts you.
* * * LOW HITPOINT WARNING * * *
Items here: )) [ †.
Unknown command.
Your cyclops goes berserk!
You feel extremely sick. The naga mage spits poison at you.
The splash of poison hits you but does no damage.
You are more poisoned.
You have difficulty breathing.
* * * LOW HITPOINT WARNING * * *
You feel as though you will be slow longer.
The naga mage constricts you.
The naga mage points at you and mumbles some strange words.
The bolt of poison hits you!
You are more poisoned.
* * * LOW HITPOINT WARNING * * *
The bolt of poison hits your cyclops.
Your cyclops is poisoned.
The naga mage constricts you.
* * * LOW HITPOINT WARNING * * *
The naga mage points at you and mumbles some strange words.
The bolt of poison hits you!
You are more poisoned.
You die...

▓▓▓▓▓▓▓▓▓▓▓▓▓▓▓▓▓▓▓▓▓▓▓▓
....SSN@C.))))))))'.....
♣♣♣♣♣♣♣♣▓▓▓▓▓▓▓▓▓▓▓▓▓▓▓▓▓▓▓▓▓▓▓▓▓
.................................
▓▓▓▓▓▓▓▓▓▓▓▓▓▓▓▓▓▓▓▓▓▓▓▓▓▓▓▓▓▓▓▓▓
......)[))').........[[[[[[[[.)))
▓▓▓▓▓▓▓▓▓▓▓▓▓▓▓▓▓▓▓▓▓▓▓▓▓▓▓▓▓▓▓▓▓
.................................
▓▓▓▓▓▓▓▓▓▓▓▓▓▓▓▓▓▓▓▓▓▓▓▓▓▓▓▓▓▓▓▓▓
∩.∩.∩.∩)))))[.......))))))...))))


You could see an anaconda, a black mamba, a naga mage (fast, curare, ally
target) and a friendly cyclops (summoned, berserk, poisoned).

Vanquished Creatures
  A frost giant (D)
  A ghost moth (D)
  A fire dragon (D)
  7 hydras (D)
  A merfolk javelineer (D)
  A naga warrior (D)
  2 boulder beetles (D)
  A two-headed ogre (D)
  An orc high priest (D)
  3 shock serpents (D)
  A pharaoh ant (D)
  2 sea snakes (D)
  A glowing orange brain (D)
  4 orc knights (D)
  A deep elf pyromancer (D)
  9 orc sorcerers (D)
  A cyclops (D)
  3 wolf spiders (D)
  A moth of wrath (D)
  3 merfolk sirens (D)
  A black mamba (D)
  A torpor snail (D)
  A naga mage (D)
  3 komodo dragons (D)
  4 polar bears (D)
  3 merfolk (D)
  2 hornets (D)
  A tarantella (D)
  A meliai (D)
  A blink frog (D)
  A jumping spider (D)
  2 yaks (D)
  3 basilisks (D)
  A naga (D)
  5 water moccasins (D)
  A floating eye (D)
  10 orc warriors (D)
  4 black bears (D)
  An ogre (D)
  A wolf (D)
  A centaur (D)
  2 phantoms (D)
  A kobold brigand (D)
  A bullfrog (D)
  A scorpion (D)
  A wight (D)
  4 orc priests (D)
  7 orc wizards (D)
  An iguana (D)
  An adder (D)
  4 orcs (D)
  An endoplasm (D)
  2 goblins (D)
  A hobgoblin (D)
  A ball python (D)
121 creatures vanquished.

Vanquished Creatures (collateral kills)
  2 rakshasas (D)
  An ice dragon (D)
  A jumping spider (D)
4 creatures vanquished.

Grand Total: 125 creatures vanquished

Notes
Turn   | Place    | Note
-------+----------+-------------------------------------------
     0 | D        | mhtbhm the Troll Berserker began the quest for the Orb.
     0 | D        | Reached XP level 1. HP: 22/22 MP: 0/0
    10 | D        | Reached skill level 3 in Maces & Flails
    10 | D        | Reached ** piety under Trog
    22 | D        | Noticed an iguana
    22 | D        | Noticed an ogre
    22 | D        | Noticed a phantom
    22 | D        | Noticed a phantom
    26 | D        | Killed a phantom
    27 | D        | Reached skill level 5 in Maces & Flails
    27 | D        | Reached XP level 2. HP: 33/33 MP: 1/1
    27 | D        | Reached XP level 3. HP: 40/40 MP: 2/2
    27 | D        | Reached XP level 4. HP: 49/49 MP: 3/3
    36 | D        | Killed a phantom
    36 | D        | Reached *** piety under Trog
    37 | D        | Reached skill level 5 in Fighting
    37 | D        | Reached skill level 6 in Maces & Flails
    37 | D        | Reached skill level 5 in Dodging
    37 | D        | Reached XP level 5. HP: 57/57 MP: 4/4
    39 | D        | Killed an ogre
    40 | D        | Reached skill level 7 in Maces & Flails
    50 | D        | Reached XP level 6. HP: 41/67 MP: 5/5
    56 | D        | Found a snail-covered altar of Cheibriados.
    56 | D        | Found a shadowy altar of Dithmenos.
    56 | D        | Found a white marble altar of Elyvilon.
    56 | D        | Found a blossoming altar of Fedhas.
    56 | D        | Found an opulent altar of Gozag.
    57 | D        | Found a hazy altar of Hepliaklqana.
    58 | D        | Found a viscous altar of Jiyva.
    59 | D        | Found an ancient bone altar of Kikubaaqudgha.
    60 | D        | Found a corrupted altar of Lugonu.
    61 | D        | Found a burning altar of Makhleb.
    62 | D        | Found a sparkling altar of Nemelex Xobeh.
    63 | D        | Found an iron altar of Okawaru.
    64 | D        | Found a stormy altar of Qazlal.
    65 | D        | Found a sacrificial altar of Ru.
    66 | D        | Found a shimmering blue altar of Sif Muna.
    67 | D        | Found a bloodstained altar of Trog.
    68 | D        | Found a hide-covered altar of Uskayaw.
    69 | D        | Found a radiant altar of Vehumet.
    70 | D        | Found an ornate altar of the Wu Jian Council.
    71 | D        | Found a shimmering altar of Xom.
    72 | D        | Found a basalt altar of Yredelemnul.
    73 | D        | Found a glowing silver altar of Zin.
    74 | D        | Found a glowing golden altar of the Shining One.
    96 | D        | Got the +2 dire flail of the Leaping Shark {elec, rN+}
   210 | D        | Noticed a yak
   210 | D        | Noticed a two-headed ogre
   210 | D        | Noticed a hornet
   216 | D        | Killed a hornet
   216 | D        | Reached **** piety under Trog
   217 | D        | Reached skill level 9 in Maces & Flails
   221 | D        | Reached XP level 7. HP: 70/78 MP: 6/6
   232 | D        | Killed a two-headed ogre
   233 | D        | Reached skill level 11 in Maces & Flails
   233 | D        | Reached XP level 8. HP: 60/88 MP: 7/7
   243 | D        | Reached ***** piety under Trog
   301 | D        | Noticed a four-headed hydra
   301 | D        | Noticed a five-headed hydra
   301 | D        | Noticed a boulder beetle
   301 | D        | Noticed a five-headed hydra
   301 | D        | Noticed a five-headed hydra
   301 | D        | Noticed a boulder beetle
   314 | D        | Killed a boulder beetle
   315 | D        | Reached skill level 12 in Maces & Flails
   315 | D        | Reached skill level 1 in Evocations
   315 | D        | Reached XP level 9. HP: 76/98 MP: 8/8
   323 | D        | Killed a boulder beetle
   324 | D        | Reached skill level 13 in Maces & Flails
   324 | D        | Reached skill level 10 in Dodging
   609 | D        | Killed a five-headed hydra
   610 | D        | Reached skill level 10 in Fighting
   610 | D        | Reached skill level 1 in Stealth
   615 | D        | Killed a five-headed hydra
   616 | D        | Reached skill level 14 in Maces & Flails
   616 | D        | Reached XP level 10. HP: 25/110 MP: 9/9
   701 | D        | Killed a five-headed hydra
   756 | D        | Killed a four-headed hydra
   757 | D        | Reached skill level 15 in Maces & Flails
   921 | D        | Noticed a seven-headed hydra
   926 | D        | Received a gift from Trog
   930 | D        | Killed a seven-headed hydra
  1137 | D        | Noticed a six-headed hydra
  1137 | D        | Noticed a black mamba
  1147 | D        | Killed a black mamba
  1148 | D        | Reached skill level 16 in Maces & Flails
  1154 | D        | Killed a six-headed hydra
  1154 | D        | Reached ****** piety under Trog
  1155 | D        | Reached XP level 11. HP: 99/123 MP: 10/10
  1178 | D        | Received a gift from Trog
  1504 | D        | Noticed an orc knight
  1516 | D        | Received a gift from Trog
  1524 | D        | Killed an orc knight
  1549 | D        | Received a gift from Trog
  1604 | D        | Noticed an orc high priest
  1617 | D        | Noticed an orc knight
  1623 | D        | Noticed an orc knight
  1624 | D        | Noticed a sixfirhy
  1625 | D        | Killed an orc high priest
  1626 | D        | Reached skill level 17 in Maces & Flails
  1630 | D        | Received a gift from Trog
  1635 | D        | Killed an orc knight
  1771 | D        | Killed an orc knight
  2040 | D        | Found Bigriovi's Book Boutique.
  2040 | D        | Noticed an orc sorcerer
  2040 | D        | Noticed an orc sorcerer
  2040 | D        | Noticed an orc sorcerer
  2040 | D        | Noticed an orc sorcerer
  2044 | D        | Killed an orc sorcerer
  2046 | D        | Gained mutation: You have hidden genetic defects. [a
                  | neqoxec]
  2051 | D        | Noticed an orc sorcerer
  2054 | D        | Killed an orc sorcerer
  2054 | D        | Received a gift from Trog
  2055 | D        | Found Gongivvu's Armour Shop.
  2059 | D        | Noticed an orc sorcerer
  2062 | D        | Killed an orc sorcerer
  2065 | D        | Killed an orc sorcerer
  2065 | D        | Received a gift from Trog
  2066 | D        | Found Locez's Assorted Antiques.
  2068 | D        | Killed an orc sorcerer
  2075 | D        | Found Keiblom's Magic Scroll Shop.
  2077 | D        | Killed an orc sorcerer
  2078 | D        | Reached XP level 12. HP: 78/139 MP: 11/11
  2083 | D        | Received a gift from Trog
  2083 | D        | Gained mutation: You occasionally shout uncontrollably at
                  | your foes. [hidden defects]
  2269 | D        | Reached skill level 18 in Maces & Flails
  2275 | D        | Received a gift from Trog
  2322 | D        | Bought a scroll of identify for 46 gold pieces
  2322 | D        | Bought a brown potion for 20 gold pieces
  2322 | D        | Bought a scroll of identify for 46 gold pieces
  2322 | D        | Bought a scroll of identify for 46 gold pieces
  2322 | D        | Bought a scroll labelled RUAPSU WUMUN for 23 gold pieces
  2322 | D        | Bought a scroll of identify for 46 gold pieces
  2324 | D        | Bought a scroll of fear for 38 gold pieces
  2324 | D        | Bought a scroll of enchant armour for 82 gold pieces
  2324 | D        | Bought a scroll of magic mapping for 38 gold pieces
  2324 | D        | Bought a scroll of immolation for 38 gold pieces
  2512 | D        | Noticed a seven-headed hydra
  2527 | D        | Noticed a rakshasa
  2695 | D        | Reached skill level 15 in Fighting
  2695 | D        | Reached skill level 1 in Armour
  2698 | D        | Killed a seven-headed hydra
  2698 | D        | Received a gift from Trog
  2699 | D        | Noticed an ice dragon
  2702 | D        | Noticed a rakshasa
  2705 | D        | Reached skill level 1 in Throwing
  2710 | D        | Noticed a fire dragon
  2710 | D        | Gained mutation: You are weak. (Str -2) [hidden defects]
  2710 | D        | Lost mutation: You have hidden genetic defects. [hidden
                  | defects expressed]
  2711 | D        | Killed a rakshasa
  2712 | D        | Killed an ice dragon
  2714 | D        | Killed a rakshasa
  2764 | D        | Paralysed by a floating eye for 3 turns
  2772 | D        | Killed a fire dragon
  2776 | D        | Received a gift from Trog
  2815 | D        | Noticed a frost giant
  2832 | D        | HP: 4/216 [frost giant/+0 battleaxe of freezing (7)]
  2833 | D        | Killed a frost giant
  2834 | D        | Reached skill level 19 in Maces & Flails
  3078 | D        | HP: 5/144 [wolf spider (26)]
  3078 | D        | HP: 2/144 [wolf spider (3)]
  3253 | D        | Received a gift from Trog
  3254 | D        | Reached skill level 5 in Armour
  3280 | D        | Killed a ghost moth
  3380 | D        | Noticed a merfolk javelineer
  3383 | D        | Reached XP level 13. HP: 154/154 MP: 12/12
  3390 | D        | Identified the +3 giant spiked club of Execution {flame,
                  | rF+++ rCorr} (Trog gifted it to you in the Dungeon)
  3390 | D        | Received a gift from Trog
  3391 | D        | Reached skill level 15 in Dodging
  3395 | D        | Killed a merfolk javelineer
  3422 | D        | Received a gift from Trog
  3487 | D        | Received a gift from Trog
  3489 | D        | HP: 6/156 [naga mage/bolt of poison (14)]
  3489 | D        | Killed from afar by a naga mage

Illustrated notes

Levels and vault maps discovered:
D:        linesprint [early_d, line_temple, items_1, d_10, items_2, lair_1,
          lair_end, items_3, orc_1, orc_end, items_4, d_15, swamp_1, shoals_1,
          snake_1, spider_1, d_20, vaults_1, items_5, swamp_end, shoals_end,
          snake_end, spider_end, vaults_end, d_27, items_6, zot_1, zot_end,
          crypt_end, forest_end, elf_end, slime_end, tomb_end, abyss_end,
          pan_hell_end]

Skill      XL: |  1  2  3  4  5  6  7  8  9 10 11 12 13 |
---------------+----------------------------------------+-----
Maces & Flails | 5 6 7 9 11 12 14 16 17 19 | 19.7
Fighting       | 4 5 6 7 8 9 10 11 14 16 17 | 17.1
Dodging        | 4 5 6 7 8 9 10 12 13 14 15 | 15.4
Evocations     | 1 3 4 |  4.8
Stealth        | 1 2 3 |  3.4
Armour         | 5 6 |  6.9
Throwing       | 2 |  2.4

Action                   |  1- 3 |  4- 6 |  7- 9 | 10-12 | 13-15 || total
-------------------------+-------+-------+-------+-------+-------++-------
Melee: Mace              |    13 |    21 |       |       |       ||    34
       Dire flail        |       |     8 |    33 |   336 |       ||   377
       Giant club        |       |       |       |     8 |    52 ||    60
Throw: Dart              |       |       |       |     2 |       ||     2
       Large rock        |       |       |       |     3 |       ||     3
Invok: Berserk           |     1 |     1 |     2 |    14 |     1 ||    19
       Brothers in Arms  |       |       |       |     2 |     1 ||     3
       Trog's Hand       |       |       |       |     1 |       ||     1
Evoke: Wand              |       |       |    10 |       |       ||    10
  Use: Potion            |       |       |     2 |     9 |       ||    11
       Scroll            |       |       |     1 |     6 |       ||     7
 Stab: Invisible         |       |       |       |     1 |       ||     1
Armor: Animal skin       |     1 |     5 |     7 |    17 |       ||    30
       Acid dragon scale |       |       |       |    38 |     7 ||    45
       Robe              |       |       |       |     1 |       ||     1
Dodge: Dodged            |     6 |    17 |    27 |   193 |    33 ||   276

Table legend: (Time is in decaauts)
 A = Elapsed time spent in this place.
 B = Non-inter-level travel time spent in this place.
 C = Inter-level travel time spent in this place.
 D = Time resting spent in this place.
 E = Time spent auto-exploring this place.
 F = Levels seen in this place.
 G = Mean time per level.
                   A        B        C        D        E       F      G
               +--------+--------+--------+--------+--------+-----+--------+
         Total |   3491 |   3491 |      0 |   1747 |    554 |   1 | 3491.0 |
       Dungeon |   3491 |   3491 |      0 |   1747 |    554 |   1 | 3491.0 |
               +--------+--------+--------+--------+--------+-----+--------+

Top non-repeatable levels by time:
       D: 3491 daAuts
